AoeStats
← Kulishaak

Arabia

506797436Analyzed
1v1 RM · 16d ago on Sep 15, 2026· 38m 13s· 2 players
Game mode
Random Map
Map size
Tiny (2 player)
Population
200
Speed
Normal
Resources
Standard
Victory
Conquest
Starting age
Dark Age
Ending age
Imperial Age
RankedLock teamsTeams togetherTeam positionsShared explorationLock speedFull tech treeHidden civsTurbo modeCheats
Victory
Defeat
🇲🇽 Bohemians · Mexico
1126
+17
🇨🇿 Armenians · Czechia
1144
-17
King_gerard_I
0:59 Loom
12:27 Feudal Age
23:04 Castle Age
25:26 Chemistry
24:33 Padded Archer Armor
34:40 Leather Archer Armor
Kulishaak
1:31 Loom
9:06 Feudal Age
9:47 Double-Bit Axe
11:42 Man-at-Arms
13:25 Arson
13:34 Long Swordsman
14:56 Horse Collar
16:29 Gold Mining
22:22 Wheelbarrow
24:55 Castle Age
23:11 Scale Mail Armor
23:34 Fletching
24:19 Padded Archer Armor
24:30 Forging
25:13 Two-Handed Swordsman
25:56 Squires
26:34 Chain Mail Armor
28:29 Gambesons
29:06 Elite Skirmisher
30:14 Bodkin Arrow
35:21 Bow Saw
37:58 Leather Archer Armor
Connection lost

Rejoining the realm…

Still unreachable

The connection could not be restored.

Session expired

The server has moved on; the page needs a fresh start.